Map: Ultralove

Players

Fjant

  • Race: Zerg Zerg
  • League: Master
  • Spawn Location: 7:00

gumiho - Winner!

  • Race: Terran Terran
  • Spawn Location: 1:00

Event: HomeStory Cup XXVI

VOD

Have the link to the VOD?

Description

Time

  • Played on: Nov. 29, 2024, 7 a.m.
  • Length: 8:17

All games in this series

Show
View Real Time Build Order
Export as new Build Order

Fjant Zerg 

Build Orders: Hatch First 

Get SALT Encoding   

  12  0:00  Drone  
  13  0:07  Drone  
  13  0:14  Drone, Extractor  
  15  0:34  Hatchery  
  14  0:38  Extractor  
  14  0:39  Drone  
  15  0:48  Overlord  
  15  0:59  Spawning Pool  
  14  1:06  Drone x2  
  14  1:10  Drone  
  17  1:19  Drone  
  18  1:29  Drone  
  19  1:41  Drone  
  19  1:46  Queen x2  
  24  1:49  Zergling x2  
  24  1:52  Overlord  
  25  1:55  Extractor  
  25  1:57  Drone  
  25  2:00  Drone  
  26  2:09  Drone  
  26  2:14  Drone  
  28  2:21  Queen  
  28  2:22  Spore Crawler  
  29  2:28  Queen  
  32  2:31  Drone x2  
  34  2:38  Overlord  
  34  2:41  Zergling x4  
  36  2:58  Drone x6  
  40  3:04  Drone  
  41  3:07  Metabolic Boost  
  41  3:09  Drone  
  42  3:13  Drone  
  42  3:25  Hatchery  
  41  3:30  Drone x2  
  43  3:35  Drone  
  43  3:36  Roach Warren  
  38  3:58  Drone  
  38  3:59  Drone x5  
  44  4:07  Hatchery  
  44  4:09  Overlord  
  42  4:11  Overlord  
  42  4:12  Drone  
  43  4:28  Queen, Overlord  
  43  4:30  Drone  
  43  4:31  Drone x5  
  51  4:35  Overlord  
  51  4:38  Overlord  
  51  4:49  Roach x4  
  51  4:51  Overlord  
  59  4:54  Roach x2  
  59  4:57  Drone x3, Extractor  
  65  5:03  Roach x2  
  68  5:13  Drone x2  
  70  5:20  Drone  
  71  5:23  Roach x2  
  71  5:24  Drone x5  
  71  5:28  Lair  
  80  5:29  Drone  
  80  5:32  Overlord  
  80  5:35  Roach  
  83  5:37  Roach  
  85  5:46  Overlord, Roach  
  85  5:48  Drone  
  88  5:51  Overlord  
  88  5:52  Drone x3  
  88  5:53  Drone x3  
  94  6:03  Drone x2  
  92  6:05  Drone  
  92  6:06  Drone x2  
  92  6:10  Extractor  
  94  6:11  Extractor  
  94  6:13  Drone x3  
  94  6:15  Baneling Nest, Evolution Chamber x2  
  93  6:20  Drone x2  
  93  6:21  Drone x2  
  93  6:23  Hatchery  
  93  6:25  Overlord  
  96  6:26  Roach x2  
  96  6:27  Overlord  
  96  6:32  Glial Reconstitution  
  100  6:35  Drone x3  
  100  6:36  Extractor  
  100  6:38  Overlord  
  100  6:39  Roach  
  104  6:42  Overlord  
  104  6:46  Zergling x2  
  104  6:47  Zergling x2  
  104  6:54  Drone x5  
  104  6:57  Roach  
  104  6:59  Roach x2  
  115  7:08  Roach x2  
  107  7:13  Roach x3  
  92  7:17  Roach  
  92  7:21  Roach  
  86  7:24  Drone x8  
  86  7:28  Roach  
  77  7:31  Roach  
  77  7:36  Roach  
  75  7:43  Roach x2  
  76  7:48  Roach x2  
  76  7:49  Zergling x12  
  81  7:53  Zergling x2  
  81  7:54  Zergling x6  
  81  7:57  Roach x2  
Show
View Real Time Build Order
Export as new Build Order

gumiho Terran - Winner!

Build Orders:  

Get SALT Encoding   

  12  0:00  SCV  
  13  0:12  SCV  
  14  0:17  Supply Depot  
  14  0:24  SCV  
  15  0:39  SCV  
  15  0:40  Barracks  
  15  0:42  Refinery  
  16  0:51  SCV  
  17  0:59  Barracks  
  17  1:03  SCV  
  18  1:15  SCV  
  19  1:26  Reaper  
  19  1:27  Orbital Command  
  19  1:31  Supply Depot  
  20  1:46  Reaper  
  21  1:52  SCV  
  22  2:01  Reaper  
  22  2:05  SCV  
  24  2:11  Command Center  
  24  2:17  SCV  
  24  2:20  Reaper  
  26  2:29  SCV  
  27  2:39  Command Center  
  27  2:41  Reaper  
  28  2:46  SCV  
  29  2:59  SCV  
  29  3:01  Refinery  
  29  3:02  Barracks Reactor  
  30  3:08  Barracks  
  30  3:11  SCV  
  31  3:13  Barracks Tech Lab  
  31  3:23  SCV  
  31  3:24  Orbital Command  
  32  3:32  Marine  
  33  3:35  SCV, Stimpack  
  33  3:39  Marine x2  
  36  3:47  SCV  
  35  3:56  Marine  
  35  3:58  Marine, Barracks Reactor  
  35  3:59  SCV x2, Marine  
  35  4:00  Orbital Command  
  38  4:11  SCV  
  38  4:12  SCV  
  38  4:14  Supply Depot  
  38  4:15  Factory  
  40  4:18  Marine x2  
  40  4:20  Marine  
  40  4:23  SCV  
  40  4:24  SCV  
  45  4:31  SCV  
  46  4:32  Bunker  
  46  4:36  SCV x2  
  48  4:39  Supply Depot, Marine  
  48  4:40  Marine x3  
  48  4:41  Marine  
  53  4:46  Engineering Bay  
  53  4:49  SCV x2  
  55  4:55  Supply Depot  
  55  4:58  Marine x3  
  55  4:59  Orbital Command, Marine  
  58  5:00  Marine  
  58  5:01  SCV x2  
  61  5:10  Starport  
  61  5:11  Factory Reactor  
  61  5:13  SCV x2  
  61  5:14  Terran Infantry Weapons Level 1  
  63  5:15  Combat Shield  
  63  5:18  Marine, Refinery  
  63  5:19  Marine x2  
  66  5:21  Marine  
  66  5:23  Marine  
  66  5:26  SCV x2  
  66  5:27  SCV  
  71  5:38  SCV x2, Marine x3  
  71  5:39  SCV, Marine  
  77  5:43  Supply Depot  
  77  5:48  Refinery  
  77  5:50  SCV x2, Barracks  
  77  5:51  SCV  
  77  5:53  Barracks, Factory Tech Lab  
  77  5:54  Medivac x2  
  84  6:02  SCV x2  
  81  6:04  SCV  
  81  6:06  Marine x5  
  87  6:12  Supply Depot, Siege Tank  
  87  6:14  Supply Depot, SCV  
  87  6:15  SCV  
  87  6:17  SCV  
  93  6:29  Supply Depot x2  
  93  6:33  Marine x5  
  93  6:34  SCV x3  
  93  6:36  Supply Depot  
  93  6:37  Supply Depot  
  101  6:40  Refinery  
  101  6:42  Barracks Reactor  
  101  6:43  Barracks Reactor  
  101  6:44  Siege Tank  
  101  6:46  SCV x2, Armory  
  106  6:48  Engineering Bay  
  106  6:54  Medivac x2  
  110  6:56  SCV, Marine  
  110  6:57  Marine  
  110  6:58  SCV x2  
  110  6:59  Marine  
  110  7:09  Marine x2  
  110  7:14  Marine  
  110  7:15  Marine  
  108  7:16  Siege Tank  
  108  7:17  Marine  
  109  7:23  SCV x3  
  109  7:27  Marine x2, Command Center  
  110  7:31  Marine x2  
  110  7:32  Marine x3  
  110  7:33  Marine  
  110  7:34  Medivac  
  110  7:35  Marine  
  115  7:45  Marine x2  
  115  7:48  Marine  
  115  7:49  SCV, Marine x2  
  115  7:50  SCV, Marine x2  
  126  7:56  SCV  
  126  7:57  Factory  
  126  8:02  SCV  
Tags
 
Add a new tag
Caveats
  • Supply blocks, unpowered buildings, or Contaminate may cause inaccurate times.
  • Supply counts are checked every 10 seconds.